 Dungeon Crawl Stone Soup version 0.21.1-1-g345015f (webtiles) character file.

93 nicolaieve the Chopper (level 4, -2/40 HPs)
             Began as a Minotaur Berserker on June 20, 2018.
             Was a Believer of Trog.
             Slain by a gnoll
             ... wielding a +4 flail
              (12 damage)
             ... on level 3 of the Dungeon.
             The game lasted 00:05:15 (1756 turns).

nicolaieve the Chopper (Minotaur Berserker)         Turns: 1756, Time: 00:05:16

Health: -2/40      AC:  6    Str: 23    XL:     4   Next: 37%
Magic:  3/3        EV: 11    Int:  4    God:    Trog [**....]
Gold:   83         SH:  0    Dex:  9    Spells: 3/3 levels left

rFire    . . .     SeeInvis .   a - +0 hand axe
rCold    . . .     Gourm    .   (no shield)
rNeg     . . .     Faith    .   i - +0 ring mail
rPois    .         Spirit   .   (helmet restricted)
rElec    .         Reflect  .   (no cloak)
rCorr    .         Harm     +   n - +0 pair of gloves
MR       .....                  (no boots)
Stlth    ..........             e - amulet of harm
HPRegen  0.13/turn              (no ring)
MPRegen  0.08/turn              (no ring)

@: no status effects
A: retaliatory headbutt, horns 2
a: Berserk, Trog's Hand, Burn Spellbooks, Renounce Religion


You were on level 3 of the Dungeon.
You worshipped Trog.
Trog was pleased with you.
You were not hungry.

You visited 1 branch of the dungeon, and saw 3 of its levels.

You collected 83 gold pieces.

Inventory:

Hand Weapons
 a - a +0 hand axe (weapon)
Armour
 b - a +0 animal skin
 i - a +0 ring mail (worn)
 n - a +0 pair of gloves (worn)
Jewellery
 e - an amulet of harm (around neck)
Scrolls
 d - 2 scrolls of teleportation {unknown}
 f - 3 scrolls of identify {unknown}
 k - 2 scrolls of immolation {unknown}
 l - a scroll of random uselessness {unknown}
Potions
 h - 2 potions of agility {unknown}
 j - a potion of curing {unknown}
 m - 2 potions of flight {unknown}
 o - 2 potions of might {unknown}
Comestibles
 c - 3 rations
 g - 2 chunks of flesh


   Skills:
 - Level 4.2 Fighting
 + Level 5.9 Axes
 - Level 2.4 Armour
 - Level 2.2 Dodging


You had 3 spell levels left.
You didn't know any spells.

Dungeon Overview and Level Annotations

Branches:
Dungeon (3/15)

Altars:
Ru


Innate Abilities, Weirdness & Mutations

You reflexively headbutt those who attack you in melee.
You have a pair of horns on your head.


Message History

The gnoll is severely wounded.
The gnoll hits you with a spear.
You barely miss the gnoll.
The gnoll is severely wounded.
The gnoll hits you with a spear.
You closely miss the gnoll.
The gnoll is severely wounded.
The gnoll hits you with a spear.
You hit the gnoll.
The gnoll is almost dead.
The gnoll hits you with a spear.
* * * LOW HITPOINT WARNING * * *
You hit the gnoll.
You kill the gnoll!
Trog accepts your kill.
You barely miss the gnoll. The gnoll barely misses you.
You hit the gnoll. Your headbutt misses the gnoll.
The gnoll is lightly wounded.
The gnoll hits you with an enchanted flail!
You die...

.###.#...#..##.
####...........
...............#.
#####..#.........
##.#.##..#..#
##....# ....#
#...#.## ##.#
#.....##.##.#######.
#..(..##....@g......
#......#.##.########
#...#..# #.#
#...#..## #.#
#...##..# #.#
#...##..###.#
#.(.###..##.# #...#
#.>...# #####
#######


You could see a gnoll.

Vanquished Creatures
  3 gnolls (D:3)
  2 adders (D:3)
  A worm (D:3)
  A dart slug (D:3)
  The ghost of dscm the Digger, a weakling OpEE (D:3)
  2 leopard geckos (D:1)
  An orc (D:3)
  4 giant cockroaches
  4 goblins
  2 hobgoblins
  2 kobolds (D:1)
  A quokka (D:2)
  6 bats
  3 frilled lizards
  8 rats
41 creatures vanquished.

Notes
Turn   | Place    | Note
-------+----------+-------------------------------------------
     0 | D:1      | nicolaieve the Minotaur Berserker began the quest for the Orb.
     0 | D:1      | Reached XP level 1. HP: 19/19 MP: 0/0
   246 | D:1      | Reached skill level 4 in Axes
   246 | D:1      | Reached XP level 2. HP: 27/27 MP: 1/1
   492 | D:1      | Reached ** piety under Trog
   679 | D:2      | Found a sacrificial altar of Ru.
  1011 | D:2      | Reached XP level 3. HP: 30/33 MP: 2/2
  1591 | D:3      | Noticed dscm's ghost (weakling OpEE)
  1600 | D:3      | Killed dscm's ghost
  1623 | D:3      | Reached skill level 5 in Axes
  1741 | D:3      | Reached XP level 4. HP: 34/40 MP: 3/3
  1756 | D:3      | Slain by a gnoll

Skill      XL: |  1  2  3 |
---------------+----------+-----
Axes           | 4 5 |  5.9
Fighting       | 4 |  4.2
Armour         | |  2.4
Dodging        | |  2.2

Action                   |  1- 3 |  4- 6 || total
-------------------------+-------+-------++-------
Melee: Hand axe          |    78 |    12 ||    90
       Headbutt          |     8 |     4 ||    12
  Eat: Chunk             |     3 |       ||     3
Armor: Animal skin       |     7 |       ||     7
       Ring mail         |    25 |     1 ||    26
Dodge: Dodged            |    56 |     7 ||    63
